 Dungeon Crawl Stone Soup version 0.27.0-1-g7a089689b8 (webtiles) character file.

Game seed: 10943598092926488122

1557 fiver49 the Cleaver (level 8, -5/69 HPs)
             Began as a Deep Dwarf Fire Elementalist on Aug 13, 2021.
             Was a Follower of Elyvilon.
             Slain by Harold (16 damage)
             ... on level 8 of the Dungeon.
             The game lasted 00:38:45 (9329 turns).

fiver49 the Cleaver (Deep Dwarf Fire Elementalist)  Turns: 9329, Time: 00:38:46

Health: -5/69      AC:  9    Str: 15    XL:     8   Next: 58%
Magic:  2/5        EV:  7    Int: 15    God:    Elyvilon [*.....]
Gold:   246        SH:  4    Dex: 19    Spells: 9/10 levels left

rFire    . . .     SeeInvis .   k - +0 dagger (venom)
rCold    . . .     Faith    .   t - +0 buckler
rNeg     . . .     Spirit   .   A - +0 chain mail
rPois    .         Reflect  .   (no helmet)
rElec    .         Harm     .   (no cloak)
rCorr    .         Rampage  .   (no gloves)
Will     +....                  (no boots)
Stlth    ..........             (no amulet)
HPRegen  0.00/turn              x - +6 ring of dexterity
MPRegen  0.09/turn              (no ring)

@: marked
A: damage resistance, heal wounds, sense surroundings 1, no regeneration
a: Heal Wounds, Renounce Religion, Lesser Healing, Divine Protection


You were on level 8 of the Dungeon.
You worshipped Elyvilon.
Elyvilon was aware of your devotion.
You visited 2 branches of the dungeon, and saw 9 of its levels.

You collected 426 gold pieces.
You spent 180 gold pieces at shops.

Inventory:

Hand Weapons
 k - a +0 dagger of venom (weapon)
   (You took it off Jessica on level 2 of the Dungeon)
 I - a +0 war axe
   (You took it off an orc on level 7 of the Dungeon)
Missiles
 m - 28 poisoned darts (quivered)
 F - 4 boomerangs
Armour
 t - a +0 buckler (worn)
   (You found it on level 4 of the Dungeon)
 A - a +0 chain mail (worn)
   (You found it on level 6 of the Dungeon)
 H - a +0 scale mail of cold resistance
   (You took it off an orc on level 7 of the Dungeon)
 J - +0 steam dragon scales
   (You found it on level 7 of the Dungeon)
Jewellery
 x - a +6 ring of dexterity (left hand)
   (You found it on level 5 of the Dungeon)
Scrolls
 l - a scroll of magic mapping {unknown}
 n - 3 scrolls of noise {unknown}
 r - 2 scrolls of enchant armour
 u - a scroll of vulnerability {unknown}
 v - a scroll of holy word {unknown}
 w - a scroll of immolation {unknown}
 C - a scroll of amnesia {unknown}
 E - a scroll of acquirement {unknown}
Potions
 b - 2 potions of cancellation
 c - 4 potions of curing
 i - a potion of heal wounds {unknown}
 s - 2 potions of berserk rage {unknown}
 z - 2 potions of invisibility {unknown}
 B - a potion of might {unknown}
 D - a potion of ambrosia {unknown}


   Skills:
 - Level 3.0 Fighting
 * Level 8.4 Axes
 - Level 3.0 Armour
 - Level 4.0 Dodging
 - Level 2.4 Stealth
 - Level 1.7 Spellcasting
 - Level 0.8 Conjurations
 - Level 2.6 Fire Magic
 + Level 6.4 Invocations


You had 9 spell levels left.
You knew the following spells:

 Your Spells              Type           Power      Damage    Failure   Level
a - Foxfire               Conj/Fire      24%        2x1d5     98%         1

Your spell library contained the following spells:

 Spells                   Type           Power      Damage    Failure   Level
 Conjure Flame            Conj/Fire      6%         6-21      100%        3
 Inner Flame              Hex/Fire       5%         N/A       100%        3
 Sticky Flame             Conj/Fire      6%         2d3       100%        4
 Fireball                 Conj/Fire      3%         3d4       100%        5


Dungeon Overview and Level Annotations

Branches:
Dungeon (8/15)             Temple (1/1) D:6
   Lair: D:8-11

Altars:
Dithmenos
Elyvilon
Fedhas
Hepliaklqana
Kikubaaqudgha
Makhleb
Sif Muna
Trog
Uskayaw
Wu Jian
Yredelemnul
Zin
The Shining One

Shops:
D:5 *

Annotations:
D:1 exclusion: gnoll
D:3 exclusion: adder, Ijyb
D:5 exclusions: lemure, 2 orcs, water moccasin and 1 more exclusion, Grinder, Sigmund
D:6 1 runed translucent door, exclusions: ogre and shadow imp, Crazy Yiuf, Prince Ribbit
D:7 exclusion: upstairs
D:8 exclusion: centaur, Harold


Innate Abilities, Weirdness & Mutations

You are resistant to damage.
You can heal yourself by infusing magical energy.
You passively map a small area around you.
You do not regenerate.


Message History

The sky beast is lightly wounded.
You block the sky beast's attack.
You hit the sky beast but do no damage.
The sky beast looks even sicker.
The sky beast is lightly wounded.
The sky beast hits you. The sky beast shocks you.
You hit the sky beast but do no damage.
The sky beast is lightly wounded.
You block the sky beast's attack.
You hit the sky beast but do no damage.
The sky beast looks as sick as possible!
The sky beast is lightly wounded.
The sky beast flickers out of sight!
Deactivating autopickup; reactivate with Ctrl-A.
Something hits you.
* * * LOW HITPOINT WARNING * * *
Something shocks you.
* * * LOW HITPOINT WARNING * * *
A sky beast appears from thin air!
Reactivating autopickup.
There is a stone staircase leading up here.
The sky beast hits you but does no damage.
You climb upwards.
Level annotation: exclusion: upstairs
There is a stone staircase leading down here.
The sky beast flickers out of sight!
Deactivating autopickup; reactivate with Ctrl-A.
There is a stone staircase leading up here.
Reactivating autopickup.
You feel a bit more experienced.
Your Invocations skill increases to level 6!
There is a stone staircase leading up here.
There is a stone staircase leading down here.
You are healed.
You are healed.
You are healed.
You are healed.
You start resting.
Magic restored.
You climb downwards.
Level annotation: exclusion: centaur
There is a stone staircase leading up here.
You enter the shallow water.
Moving in this stuff is going to be slow.
Found 13 gold pieces.
m - 26 poisoned darts (gained 1)
m - 27 poisoned darts (gained 1)
m - 28 poisoned darts (gained 1)
Found an escape hatch in the floor.
Found a stone staircase leading down.
You now have 246 gold pieces (gained 13).
There is a stone staircase leading down here.
There is a stone staircase leading down here.
Setting a skill training target for Axes at 16.0.
Found a thick runed staff.
An orc comes into view. It is wielding a +0 flail.
The orc shouts!
You closely miss the orc. The orc hits you with a +0 flail.
You barely miss the orc. The orc hits you with a +0 flail.
Your chain mail prevents you from hitting the orc.
The orc hits you but does no damage.
You hit the orc.
The orc is poisoned.
The orc is heavily wounded.
You kill the orc!
Things that are here:
a +0 flail; an orc corpse
There is a stone staircase leading down here.
Harold the Weathered comes into view.
He is wielding a +0 glaive.
Harold shouts!
Harold casts a spell at you. A sentinel's mark forms upon you.
There is an escape hatch in the floor here.
Found an escape hatch in the ceiling.
There is a stone staircase leading up here.
You hit Harold.
Harold is poisoned.
Harold is lightly wounded.
You block Harold's attack.
You hit Harold but do no damage.
Harold looks as sick as possible!
Harold is lightly wounded.
Harold hits you with a +0 glaive!!
You hit Harold.
Harold looks as sick as possible!
Harold is lightly wounded.
Harold hits you but does no damage.
You closely miss Harold.
Harold is lightly wounded.
Harold points at you and mumbles some strange words.
The mark upon you grows brighter.
You are healed.
Harold hits you with a +0 glaive.
You hit Harold but do no damage.
Harold looks as sick as possible!
Harold is lightly wounded.
Harold hits you with a +0 glaive!
* * * LOW HITPOINT WARNING * * *
You are healed.
Harold hits you with a +0 glaive!
Your chain mail prevents you from hitting Harold.
Harold is moderately wounded.
Harold barely misses you.
Harold says, "Listen, it's nothing personal.
It's just a job."
Harold hits you with a +0 glaive!
* * * LOW HITPOINT WARNING * * *
You are healed.
Harold hits you with a +0 glaive!
You die...

... #.# c.. ## #.# ...
.##### #.# ,* ...
.....# #.# ...
.....###########.# *
... ......@.......##.#
* , ...
.....########..#.# ,
*###
#####...<..###.#@# * ,
* * #####......#...@##
, ,*
.@...................#
,
#####......#....##...#
*...........# ,##.. ,
......#....# , , ,
......#..... , ,, ..
####.. ,, ,* ##. * * ,
, ,*


You could see Harold (extremely poisoned).

Vanquished Creatures
  Eustachio (D:5)
  A steam dragon (D:7)
  Edmund (D:5)
  A water moccasin (D:7)
  A black bear (D:7)
  An ice beast (Temple)
  A sky beast (D:7)
  3 scorpions
  A howler monkey (D:5)
  3 hounds
  A bullfrog skeleton (D:5)
  A centaur skeleton (D:4)
  Jessica (D:2)
  3 iguanas
  4 orc wizards
  Robin (D:3)
  8 adders
  3 white imps
  2 worms (D:3)
  5 dart slugs
  15 orcs
  5 bats
  6 endoplasms
  5 giant cockroaches
  12 goblins
  10 hobgoblins
  2 jackals (D:1)
  5 kobolds
  2 quokkas (D:3)
  3 ball pythons
  5 frilled lizards
  2 rats
115 creatures vanquished.

Vanquished Creatures (others)
  284 foxfires
  4 fungi (D:5)
  4 toadstools (D:5)
292 creatures vanquished.

Grand Total: 407 creatures vanquished

Notes
Turn   | Place    | Note
-------+----------+-------------------------------------------
     0 | D:1      | fiver49 the Deep Dwarf Fire Elementalist began the quest
                  | for the Orb.
     0 | D:1      | Reached XP level 1. HP: 15/15 MP: 3/3
   326 | D:1      | Reached XP level 2. HP: 22/24 MP: 0/4
   425 | D:1      | Reached skill level 1 in Armour
   482 | D:1      | Reached skill level 1 in Fighting
   807 | D:1      | Reached XP level 3. HP: 25/31 MP: 3/5
  1525 | D:2      | Found a faded altar of an unknown god.
  1579 | D:2      | Noticed Jessica
  1580 | D:2      | Killed Jessica
  1581 | D:2      | Reached skill level 2 in Armour
  1581 | D:2      | Reached skill level 3 in Dodging
  1606 | D:2      | Reached XP level 4. HP: 21/39 MP: 6/6
  1821 | D:2      | Reached skill level 2 in Fighting
  2821 | D:3      | Noticed Ijyb
  3021 | D:3      | Reached XP level 5. HP: 37/46 MP: 7/7
  3201 | D:4      | Identified the -1 helmet "Simitui" {Regen+ Dex+3 Slay-6}
  3402 | D:3      | Noticed Robin
  3475 | D:3      | Killed Robin
  3577 | D:3      | Reached skill level 3 in Armour
  3941 | D:4      | Reached skill level 4 in Dodging
  4176 | D:4      | Reached skill level 1 in Axes
  4449 | D:4      | You fall into a shaft and drop 3 floors!
  4620 | D:5      | Entered Level 5 of the Dungeon
  4620 | D:5      | Noticed Eustachio
  4625 | D:5      | HP: 4/46 [Eustachio (11)]
  4647 | D:5      | Noticed a water moccasin
  4711 | D:5      | Noticed an ogre
  4951 | D:4      | Reached skill level 3 in Fighting
  4951 | D:4      | Reached skill level 2 in Axes
  5061 | D:5      | Noticed Edmund
  5074 | D:5      | Reached XP level 6. HP: 24/56 MP: 1/7
  5092 | D:4      | Reached skill level 3 in Axes
  5250 | D:5      | Found a hide-covered altar of Uskayaw.
  5253 | D:5      | Noticed Grinder
  5351 | D:5      | Noticed Sigmund
  5414 | D:5      | Found Enes's Assorted Antiques.
  5418 | D:5      | Bought 2 potions of curing for 180 gold pieces
  5568 | D:5      | Reached skill level 4 in Axes
  6310 | D:6      | Reached skill level 5 in Axes
  6431 | D:6      | Found a runed translucent door.
  6432 | D:6      | Noticed Crazy Yiuf
  6607 | D:6      | Reached XP level 7. HP: 43/59 MP: 5/8
  6768 | D:6      | Found a staircase to the Ecumenical Temple.
  6777 | Temple   | Entered the Ecumenical Temple
  6792 | Temple   | Became a worshipper of Elyvilon the Healer
  6807 | D:6      | HP: 12/62 [ice beast (8)]
  6824 | Temple   | HP: 15/62 [ice beast (8)]
  6828 | Temple   | Reached skill level 6 in Axes
  6930 | D:6      | Noticed Prince Ribbit
  7303 | D:7      | Found an ancient bone altar of Kikubaaqudgha.
  7414 | D:7      | Found a blossoming altar of Fedhas.
  7443 | D:7      | Found a shimmering blue altar of Sif Muna.
  7502 | D:7      | HP: 13/62 [water moccasin (7)]
  7510 | D:7      | HP: 11/62 [poisoned by a water moccasin]
  7516 | D:7      | HP: 14/62 [water moccasin (4)]
  7522 | D:7      | HP: 15/62 [poisoned by a water moccasin]
  7642 | D:7      | Reached skill level 7 in Axes
  7645 | D:7      | Noticed a wraith
  7755 | D:7      | Reached * piety under Elyvilon
  7811 | D:7      | Reached skill level 1 in Invocations
  7822 | D:7      | Noticed a two-headed ogre
  7833 | D:7      | HP: 5/62 [two-headed ogre (20)]
  8174 | D:7      | Noticed a steam dragon
  8497 | D:7      | HP: 9/62 [steam dragon/ball of steam (21)]
  8507 | D:7      | HP: 11/62 [steam dragon/ball of steam (17)]
  8520 | D:7      | Killed a steam dragon
  8521 | D:7      | Reached skill level 3 in Invocations
  8521 | D:7      | Reached XP level 8. HP: 19/69 MP: 4/4
  8739 | D:5      | HP: 17/69 [Eustachio (1)]
  8749 | D:5      | Killed Eustachio
  8750 | D:5      | Reached skill level 4 in Invocations
  8815 | D:5      | HP: 7/59 [Edmund (12)]
  8817 | D:5      | Killed Edmund
  8818 | D:5      | Reached skill level 8 in Axes
  8818 | D:5      | Reached skill level 5 in Invocations
  9065 | D:8      | HP: 15/69 [something (3)]
  9091 | D:7      | Reached skill level 6 in Invocations
  9288 | D:8      | Noticed Harold
  9328 | D:8      | HP: 7/69 [Harold (14)]
  9329 | D:8      | Slain by Harold

Illustrated notes

Levels and vault maps discovered:
D:1:      erik_arrival_orb_chamber, layout_basic, minmay_tetromino_t2
D:2:      layout_loops_ring, hellmonk_ecumenical_altar_run_dry, uniq_jessica
D:3:      layout_basic, minmay_fractal_squares_gapless_5, uniq_ijyb, uniq_robin
D:4:      layout_loops_cross, serial_co_window_serial, co_window_corner_a,
          co_window_paths_a, co_window_paths_b, co_window_of_opportunity_a,
          co_window_of_opportunity_a, co_window_broadway_a, co_window_corner_b,
          co_window_broadway_b, co_window_4corner_a, glass_columns_a
D:5:      layout_loops_ring, mainiacjoe_overflow_cross_hatched, serial_shops,
          nicolae_shop_crystal, minmay_gold_behind_fungi, uniq_eustachio,
          uniq_edmund, uniq_pikel, uniq_grinder, uniq_sigmund
D:6:      layout_basic, lemuel_temple_firewalk_a, uniq_crazy_yiuf_cottage,
          uniq_prince_ribbit1
D:7:      layout_gridville, overflow_temple_1_default,
          mainiacjoe_overflow_catch_the_wave, corexii_corridor_pit,
          lightli_orcish_oven
D:8:      layout_basic, erik_lair_orcish_takeover, uniq_harold
Temple:   hc_temple_tempest_star

Skill      XL: |  1  2  3  4  5  6  7  8 |
---------------+-------------------------+-----
Armour         | 1 2 3 |  3.0
Fighting       | 1 2 3 |  3.0
Dodging        | 3 4 |  4.0
Axes           | 2 5 7 8 |  8.4
Invocations    | 3 6 |  6.4
Stealth        | |  2.4
Spellcasting   | |  1.7
Conjurations   | |  0.8
Fire Magic     | |  2.6

Action                   |  1- 3 |  4- 6 |  7- 9 || total
-------------------------+-------+-------+-------++-------
Melee: Unarmed           |     8 |       |       ||     8
       Spear             |    30 |    53 |       ||    83
       Dagger            |       |   104 |   126 ||   230
Throw: Dart              |       |    30 |    12 ||    42
 Cast: Foxfire           |    44 |    97 |    29 ||   170
Invok: Lesser Healing    |       |       |    15 ||    15
 Abil: Heal Wounds       |       |     7 |    18 ||    25
  Use: Scroll            |       |     9 |     2 ||    11
       Potion            |       |       |     1 ||     1
 Stab: Sleeping          |     2 |     6 |     1 ||     9
       Distracted        |       |     1 |       ||     1
Armor: Robe              |     7 |    22 |     6 ||    35
       Chain mail        |       |       |     5 ||     5
Dodge: Dodged            |    23 |   112 |    61 ||   196
Block: Buckler           |       |    19 |    32 ||    51

Table legend: (Time is in decaauts)
 A = Elapsed time spent in this place.
 B = Non-inter-level travel time spent in this place.
 C = Inter-level travel time spent in this place.
 D = Time resting spent in this place.
 E = Time spent auto-exploring this place.
 F = Levels seen in this place.
 G = Mean time per level.
                   A        B        C        D        E       F      G
               +--------+--------+--------+--------+--------+-----+--------+
         Total |   9384 |   8803 |    581 |    400 |   5687 |   9 | 1042.7 |
       Dungeon |   9329 |   8769 |    560 |    400 |   5680 |   8 | 1166.1 |
        Temple |     55 |     34 |     21 |      0 |      7 |   1 |   55.0 |
               +--------+--------+--------+--------+--------+-----+--------+

Top non-repeatable levels by time:
     D:6: 1730 daAuts
     D:3: 1456 daAuts
     D:7: 1435 daAuts
     D:4: 1391 daAuts
     D:1: 1244 daAuts
     D:2: 901 daAuts
     D:5: 877 daAuts
     D:8: 292 daAuts
  Temple: 55 daAuts

Table legend:
 A = Kills in this place as a percentage of kills in entire the game.
 B = Kills by you in this place as a percentage of kills by you in the entire game.
 C = Kills by friends in this place as a percentage of kills by friends in the entire game.
 D = Other kills in this place as a percentage of other kills in the entire game.
 E = Experience gained in this place as a percentage of experience gained in the entire game.
 F = Experience gained in this place divided by the number of levels of this place that you have seen.
                   A       B       C       D       E      F
               +-------+-------+-------+-------+-------+----------------------
         Total | 100.0 | 100.0 |   N/A |   N/A | 100.0 | 247.2
       Dungeon |  99.1 |  99.1 |   N/A |   N/A |  93.9 | 261.1
        Temple |   0.9 |   0.9 |   N/A |   N/A |   6.1 | 136.0
               +-------+-------+-------+-------+-------+----------------------
